 Dungeon Crawl Stone Soup version 0.31-a0-1447-g87ca8d402b (webtiles) character file.

Game seed: 3400474640703666450

168 pokeman the Magician (level 5, -2/29 HPs)
             Began as a Deep Elf Hedge Wizard on Dec 27, 2023.
             Was an Initiate of Vehumet.
             Killed from afar by Dowan (11 damage)
             ... with a puff of frost
             ... on level 4 of the Dungeon.
             The game lasted 00:05:03 (3038 turns).

pokeman the Magician (Deep Elf Hedge Wizard)        Turns: 3038, Time: 00:05:03

Health: -2/29      AC:  2    Str:  7    XL:     5   Next: 24%
Magic:  12/15      EV: 13    Int: 21    God:    Vehumet [......]
Gold:   271        SH:  0    Dex: 14    Spells: 8/16 levels left

rFire   . . .        k - +2 dagger (venom)
rCold   . . .        (no shield)
rNeg    . . .        b - +0 robe
rPois   +            c - +0 hat
rElec   .            (no cloak)
rCorr   .            (no gloves)
SInv    .            (no boots)
Will    .....        (no amulet)
Stlth   ++           h - ring of poison resistance
HPRegen 0.24/turn    r - ring of flight
MPRegen 0.14/turn

%: no passive effects
@: flying
A: no striking features
a: Renounce Religion


You were on level 4 of the Dungeon.
You worshipped Vehumet.
Vehumet was noncommittal.
You visited 1 branch of the dungeon, and saw 4 of its levels.

You collected 271 gold pieces.

Inventory:

Hand Weapons
 g - a +1 sling of flaming
 k - a +2 dagger of venom (weapon)
 t - the +8 spear of the Sharing Gods {pain, *Rage Will++}
   (You found it on level 3 of the Dungeon)

   Will++:    It greatly increases your willpower.
   *Rage:     It berserks you when you make melee attacks (+20% chance).
Armour
 b - a +0 robe (worn)
 c - a +0 hat (worn)
 v - a +0 tower shield
Magical Staves
 o - a staff of conjuration
Jewellery
 h - a ring of poison resistance (left hand)
 r - a ring of flight (right hand)
Scrolls
 f - a scroll of enchant armour {unknown}
 i - a scroll of brand weapon {unknown}
 l - a scroll of teleportation {unknown}
 p - a scroll of vulnerability {unknown}
 q - a scroll of summoning {unknown}
 s - a scroll of identify {unknown}
 u - a scroll of amnesia {unknown}
Potions
 a - a potion of haste {unknown}
 d - 2 potions of magic
 e - 4 potions of degeneration {unknown}
 j - a potion of brilliance {unknown}
 m - a potion of curing {unknown}
 n - a potion of enlightenment {unknown}


   Skills:
 - Level 1.0 Fighting
 - Level 1.0 Armour
 - Level 3.0 Dodging
 - Level 3.0 Stealth
 * Level 6.1 Spellcasting
 + Level 2.5 Conjurations
 - Level 1.1 Summonings
 + Level 0.2 Necromancy
 - Level 1.1 Translocations
 + Level 0.4 Air Magic
 + Level 0.3 Alchemy
 + Level 0.5 Evocations


You had 8 spell levels left.
You knew the following spells:

 Your Spells              Type           Power      Damage    Failure   Level
a - Magic Dart            Conj           68%        1d6       3%          1
b - Mephitic Cloud        Conj/Alch/Air  11%        N/A       19%         3
c - Call Imp              Summ           22%        N/A       10%         2
d - Blink                 Tloc           22%        N/A       10%         2

Your spell library contained the following spells:

 Spells                   Type           Power      Damage    Failure   Level
 Momentum Strike          Conj/Tloc      28%        3d8       7%          2
 Slow                     Hex            24%        N/A       10%         1
 Lesser Beckoning         Tloc           22%        N/A       10%         2
 Cigotuvi's Dreadful Rot  Necr/Alch/Air  14%        N/A       13%         2
 Fugue of the Fallen      Necr           7%         N/A       26%         3
 Ozocubu's Armour         Ice            6%         N/A       28%         3
 Manifold Assault         Tloc           11%        N/A       52%         4


Dungeon Overview and Level Annotations

Branches:
Dungeon (4/15)
 Temple: D:4-7

Altars:
Qazlal
Vehumet

Shops:
D:2 ?

Annotations:
D:4 Dowan, Duvessa


Message History

The hobgoblin is heavily wounded.
The hobgoblin closely misses you.
The hobgoblin attacks as it pursues you!
The hobgoblin closely misses you.
You barely miss the hobgoblin.
The hobgoblin is heavily wounded.
The hobgoblin misses you.
You hit the hobgoblin but do no damage.
The hobgoblin is heavily wounded.
The hobgoblin hits you.
You hit the hobgoblin.
The hobgoblin is poisoned.
The hobgoblin is almost dead.
Duvessa says, "Where magic fails, the sword succeeds!"
The hobgoblin hits you.
Dowan, Brother of Duvessa comes into view.
He is wielding a +0 dagger.
You kill the hobgoblin!
Vehumet accepts your kill.
Casting: Magic Dart (safe; 3% risk of failure)
Confirm with . or Enter, or press ? or * to list all spells.
Aiming: Mephitic Cloud (quite dangerous; 19% risk of failure)
Press: ? - help, Shift-Dir - straight line, f - Duvessa
Aim: Duvessa, wielding a +0 short sword and wearing a +0 leather armour (chance to affect: 81%)
The ball explodes into a vile cloud!
The stinking cloud engulfs Duvessa.
The stinking cloud engulfs you.
Dowan shouts!
You hear an angry hiss.
Duvessa is engulfed in noxious fumes.
Duvessa appears confused.
Unknown command.
Unknown command.
Duvessa is engulfed in noxious fumes.
Duvessa appears confused.
You hit Duvessa.
Duvessa is lightly wounded.
Duvessa hits you with a +0 short sword.
Duvessa hits herself with a +0 short sword.
Dowan points at you and mumbles some strange words.
The puff of flame hits you!
You hit Duvessa.
Duvessa is poisoned.
Duvessa is moderately wounded.
Dowan gestures at you while chanting. The puff of frost hits you!
You die...

.. # # #. ### ..... #.#. ..
..# ..... #.#.##. #.# ...#
########...... #(# ...#
......##......##.####...####
......##.#.#.#..............
......##.#..#...e.☼>........
......##.#......@☼§e........
..<...##.###.########...####
.............# ...#
########.##### ..... .## #.#
......# #.######.# ......#
.........# ..e...#
.##.##.### .....## .##.##.#


You could see Duvessa (confused, very poisoned) and Dowan.

Vanquished Creatures
  A bombardier beetle (D:3)
  5 adders
  A worm (D:3)
  3 dart slugs
  3 orcs (D:3)
  4 bats
  An endoplasm (D:1)
  4 giant cockroaches
  10 goblins
  9 hobgoblins
  4 jackals
  11 kobolds
  A quokka (D:2)
  5 ball pythons
  2 frilled lizards
  6 rats
70 creatures vanquished.

Notes
Turn   | Place    | Note
-------+----------+-------------------------------------------
     0 | D:1      | pokeman the Deep Elf Hedge Wizard began the quest for the
                  | Orb.
     0 | D:1      | Reached XP level 1. HP: 10/10 MP: 7/7
   213 | D:1      | Reached XP level 2. HP: 16/16 MP: 3/9
   684 | D:1      | Reached skill level 5 in Spellcasting
   885 | D:1      | Reached XP level 3. HP: 20/20 MP: 11/11
   889 | D:1      | Learned a level 3 spell: Mephitic Cloud
   892 | D:1      | Learned a level 2 spell: Call Imp
   895 | D:1      | Learned a level 2 spell: Blink
  1301 | D:2      | Found Inywaz Peo's Magic Scroll Boutique.
  1547 | D:2      | Reached skill level 1 in Armour
  1577 | D:2      | Reached skill level 1 in Fighting
  1947 | D:2      | Reached XP level 4. HP: 20/25 MP: 6/13
  2220 | D:3      | Found a stormy altar of Qazlal.
  2220 | D:3      | Found a radiant altar of Vehumet.
  2238 | D:3      | Became a worshipper of Vehumet
  2344 | D:3      | Reached skill level 6 in Spellcasting
  2419 | D:3      | Reached XP level 5. HP: 29/29 MP: 8/15
  2740 | D:3      | Identified the +8 spear of the Sharing Gods {pain, *Rage
                  | Will++}
  3021 | D:4      | Noticed Duvessa
  3032 | D:4      | Noticed Dowan
  3038 | D:4      | Killed from afar by Dowan

Illustrated notes

Levels and vault maps discovered:
D:1:      minmay_arrival_solitary_statue, layout_basic, serial_forest,
          infiniplex_forest_clump_tiny, infiniplex_forest_zigzag_1,
          infiniplex_forest_straight_1, infiniplex_forest_straight_2,
          minmay_misc_feat_chi, minmay_split_cup_large
D:2:      layout_loops_corners, serial_shops, nicolae_shop_behind_doors
D:3:      layout_basic, jmf_multi_god_temple, kennysheep_doodads
D:4:      layout_loops_cross, temple_statues, uniq_duvessa,
          uniq_crazy_yiuf_cottage

Skill      XL: |  1  2  3  4 |
---------------+-------------+-----
Spellcasting   | 5 6 |  6.1
Conjurations   | 2 |  2.5
Armour         | 1 |  1.0
Fighting       | 1 |  1.0
Dodging        | 3 |  3.0
Stealth        | 3 |  3.0
Summonings     | |  1.1
Necromancy     | |  0.2
Translocations | |  1.1
Air Magic      | |  0.4
Alchemy        | |  0.3
Evocations     | |  0.5

Action                     |  1- 3 |  4- 6 || total
---------------------------+-------+-------++-------
  Melee: Dagger            |    30 |    28 ||    58
   Fire: Sling             |    38 |       ||    38
   Cast: Magic Dart        |    60 |    50 ||   110
         Mephitic Cloud    |       |     3 ||     3
   Stab: Sleeping          |       |     1 ||     1
         Confused          |       |     2 ||     2
 Armour: Robe              |    17 |    17 ||    34
  Dodge: Dodged            |    33 |    22 ||    55

Table legend: (Time is in decaauts)
 A = Elapsed time spent in this place.
 B = Non-inter-level travel time spent in this place.
 C = Inter-level travel time spent in this place.
 D = Time resting spent in this place.
 E = Time spent auto-exploring this place.
 F = Levels seen in this place.
 G = Mean time per level.
                   A        B        C        D        E       F      G
               +--------+--------+--------+--------+--------+-----+--------+
         Total |   3050 |   3013 |     37 |      0 |   2597 |   4 |  762.5 |
       Dungeon |   3050 |   3013 |     37 |      0 |   2597 |   4 |  762.5 |
               +--------+--------+--------+--------+--------+-----+--------+

Top non-repeatable levels by time:
     D:2: 1090 daAuts
     D:1: 1042 daAuts
     D:3: 797 daAuts
     D:4: 120 daAuts
